 Dungeon Sprint DCSS version 0.21.1-1-g345015f (webtiles) character file.

4 sanboga the Chopper (level 3, 0/39 HPs)
             Began as a Gargoyle Berserker on Feb 6, 2018.
             Was a Believer of Trog.
             Killed by nerve-wracking pain
             ... invoked by Grinder
              (6 damage)
             ... in the Dungeon (Sprint VI: "Thunderdome").
             The game lasted 00:01:10 (234 turns).

sanboga the Chopper (Gargoyle Berserker)             Turns: 234, Time: 00:01:10

Health: 0/39       AC:  5    Str: 26    XL:     3   Next: 68%
Magic:  3/3        EV: 12    Int:  7    God:    Trog [**....]
Gold:   90         SH:  0    Dex:  9    Spells: 2/2 levels left

rFire    . . .     SeeInvis .   n - +0 broad axe
rCold    . . .     Gourm    .   (no shield)
rNeg     + . .     Faith    .   b - +0 animal skin
rPois    ∞         Spirit   .   (no helmet)
rElec    +         Reflect  .   (no cloak)
rCorr    .         Harm     .   (no gloves)
MR       .....     NoTele   +   (no boots)
Stlth    ..........             (no amulet)
HPRegen  0.13/turn              (no ring)
MPRegen  0.08/turn              (no ring)

@: berserking, very quick
A: negative energy resistance 1, electricity resistance, unbreathing,
petrification resistance, rot immunity, AC +3
a: Berserk, Trog's Hand, Burn Spellbooks, Renounce Religion


You were in the Dungeon.
You worshipped Trog.
Trog was pleased with you.
You were not hungry.

You visited 1 branch You collected 210 gold pieces.
You spent 120 gold pieces at shops.

Inventory:

Hand Weapons
 n - a +0 broad axe (weapon)
Armour
 b - a +0 animal skin (worn)
Wands
 k - a wand of acid (5)
 l - a wand of iceblast (5)
Scrolls
 i - 4 scrolls of blinking
 m - 3 scrolls of fog
Potions
 d - a potion of curing
 e - 4 potions of heal wounds
 f - 4 potions of haste
 g - 2 potions of magic
 h - a potion of berserk rage
 j - a potion of resistance
Comestibles
 c - a ration


   Skills:
 + Level 5.0 Fighting
 * Level 5.2 Axes
 + Level 4.3 Armour
 - Level 1.5 Dodging


You had 2 spell levels left.
You didn't know any spells.

Dungeon Overview and Level Annotations

Branches:
Dungeon (1/1)

Altars:
Ru
Sif Muna
Trog
Vehumet
Zin
The Shining One
Beogh
Lugonu

Shops:
D **[(

Annotations:
D Grinder


Innate Abilities, Weirdness & Mutations

You are resistant to torment.
Your stone body is resilient. (AC +3)
You are immune to poison.
You resist negative energy. (rN+)
You are resistant to electric shocks. (rElec)
You can survive without breathing.
You are immune to petrification.
You are immune to rotting.


Message History

The shadow imp gestures at you. Pain shoots through your body!
Grinder barely misses you.
You hit Grinder but do no damage. Grinder hits you but does no damage.
You closely miss Grinder. Grinder misses you. Grinder hits you!
You barely miss Grinder. Grinder hits you.
You writhe in agony.
You closely miss Grinder. You barely miss the shadow imp. Grinder hits you.
* * * LOW HITPOINT WARNING * * *
You writhe in agony.
* * * LOW HITPOINT WARNING * * *
The shadow imp barely misses you.
A red film seems to cover your vision as you go berserk!
You feel yourself moving faster!
You feel mighty!
You feel a lot more hungry. Grinder closely misses you.
The shadow imp misses you.
You slice Grinder!!
Grinder is heavily wounded.
You slash the shadow imp! Grinder gestures at you.
Pain shoots through your body!
You die...

..... ...... ...8.
.8.. ... ...###..
.... ..... #...#
..... ..... #.<.#
.....
.....###...###.....
........###........
....5.8.# #58......
._......###@.....__
#.8.....5...8.###
#⌠...........⌠#
###...†.....###
#_......._#
#_......._#
#....†).._#
#∩.......∩#
##∩.....∩##


You could see Grinder and a shadow imp.

Vanquished Creatures
  A crimson imp (D)
  A shadow imp (D)
  A goblin (D)
  2 hobgoblins (D)
5 creatures vanquished.

Notes
Turn   | Place    | Note
-------+----------+-------------------------------------------
     0 | D        | sanboga the Gargoyle Berserker began the quest for the Orb.
     0 | D        | Reached XP level 1. HP: 14/14 MP: 1/1
     3 | D        | Found a glowing silver altar of Zin.
     3 | D        | Found a roughly hewn altar of Beogh.
     4 | D        | Found a sacrificial altar of Ru.
     4 | D        | Found a glowing golden altar of the Shining One.
     5 | D        | Found a corrupted altar of Lugonu.
     5 | D        | Round 1.
     6 | D        | Found a deep blue altar of Sif Muna.
     6 | D        | Found a radiant altar of Vehumet.
     6 | D        | Found Uthedoaho's Weapon Rack.
     6 | D        | Found Tuif's Premium Goods.
     7 | D        | Found Cojais's Basic Armour.
     7 | D        | Found Bais's Miscellaneous Merchandise.
    22 | D        | Bought a +0 broad axe for 120 gold pieces
    58 | D        | Found a bloodstained altar of Trog.
   139 | D        | Reached ** piety under Trog
   142 | D        | Noticed a big kobold
   147 | D        | Arena points: 4 (+4) [x1]
   162 | D        | Round 2.
   176 | D        | Noticed a crimson imp
   184 | D        | Killed a crimson imp
   184 | D        | Reached skill level 5 in Axes
   184 | D        | Reached XP level 2. HP: 20/20 MP: 2/2
   184 | D        | Reached XP level 3. HP: 25/25 MP: 3/3
   217 | D        | Reached skill level 5 in Fighting
   218 | D        | Noticed Grinder
   234 | D        | Killed from afar by Grinder

Skill      XL: |  1  2  3 |
---------------+----------+-----
Axes           | 5 |  5.2
Fighting       | 4 5 |  5.0
Armour         | 4 |  4.3
Dodging        | |  1.5

Action                   || total
-------------------------++-------
Melee: Broad axe         ||    14
       Hand axe          ||     5
Invok: Berserk           ||     1
Armor: Animal skin       ||     4
Dodge: Dodged            ||    11
